Map: Dead of Night

Players

MattBarry

  • Race: Protoss Protoss
  • Spawn Location: 0:00

MattBarry

  • Race: Zerg Zerg

VOD

Have the link to the VOD?

Description

Time

  • Played on: Jan. 2, 2023, 9:49 p.m.
  • Length: 15:56
Show
View Real Time Build Order
Export as new Build Order

MattBarry Protoss 

Build Orders:  

Get SALT Encoding   

  12  0:02  Probe (Chrono Boost)  
  13  0:16  Probe (Chrono Boost)  
  14  0:26  Pylon  
  14  0:31  Probe (Chrono Boost)  
  15  0:50  Probe (Chrono Boost)  
  15  0:54  Gateway  
  16  1:04  Probe (Chrono Boost)  
  16  1:07  Assimilator  
  17  1:17  Probe (Chrono Boost)  
  18  1:30  Probe (Chrono Boost)  
  18  1:34  Dark Pylon  
  18  1:35  Gateway  
  19  1:46  Probe (Chrono Boost)  
  20  1:59  Cybernetics Core  
  20  2:01  Centurion  
  20  2:03  Probe (Chrono Boost)  
  23  2:16  Assimilator, Probe (Chrono Boost)  
  24  2:30  Probe (Chrono Boost)  
  24  2:35  Pylon  
  25  2:40  Centurion x2  
  25  2:43  Probe (Chrono Boost)  
  30  2:51  Warp Gate  
  30  2:56  Probe (Chrono Boost)  
  31  3:09  Pylon  
  31  3:11  Probe (Chrono Boost)  
  32  3:22  Stalker x2  
  36  3:31  Forge  
  36  3:45  Probe (Chrono Boost)  
  36  3:46  Assimilator  
  36  3:49  Pylon  
  37  3:54  Protoss Ground Weapons Level 1  
  37  3:58  Probe (Chrono Boost)  
  38  4:13  Probe (Chrono Boost)  
  38  4:15  Stalker x2  
  43  4:24  Gateway  
  43  4:27  Gateway  
  43  4:44  Probe (Chrono Boost)  
  43  4:48  Pylon  
  44  5:13  Twilight Council  
  44  5:16  Pylon  
  44  5:24  Stalker x2  
  48  5:39  Stargate  
  48  5:46  Centurion x2  
  52  5:57  Centurion x2  
  56  6:03  Shadow Charge  
  56  6:15  Pylon, Stalker  
  56  6:16  Stalker  
  60  6:32  Dark Shrine  
  60  6:37  Centurion x2  
  60  6:38  Protoss Ground Armor Level 1  
  64  6:59  Centurion  
  66  7:00  Centurion, Oracle  
  68  7:18  Darkcoil  
  68  7:21  Forge  
  68  7:25  Pylon x2  
  69  7:39  Dark Pylon  
  67  7:42  Centurion  
  67  7:43  Centurion x2  
  67  7:47  Centurion  
  73  8:35  Centurion x2  
  73  8:36  Centurion x2  
  77  8:47  Protoss Ground Weapons Level 2  
  77  8:52  Gateway  
  77  8:54  Gateway  
  77  8:56  Gateway  
  77  9:25  Argus Crystal  
  77  9:42  Photon Cannon  
  77  9:45  Photon Cannon x2  
  77  10:05  Protoss Ground Armor Level 2  
  77  10:06  Mind Control  
  77  10:53  Dark Pylon  
  77  10:56  Centurion  
  77  10:57  Centurion x6  
  91  11:10  Shadow Fury  
  89  11:30  Centurion x6  
  89  11:31  Centurion  
  103  12:01  Centurion x3  
  103  12:02  Centurion  
  111  12:12  Dark Pylon  
  111  12:13  Pylon  
  111  12:15  Pylon  
  111  12:17  Pylon  
  111  12:32  Pylon  
  111  12:51  Dark Templar Blink  
  111  13:28  Dark Pylon  
  111  13:31  Centurion x4  
  111  13:32  Centurion x3  
  125  14:00  Pylon  
  125  14:17  Dark Templar x4  
  125  14:18  Dark Templar x3  
  137  14:31  Dark Pylon  
  137  15:07  Pylon x2  
  137  15:18  Dark Templar  
  137  15:19  Stalker x2  
  143  15:20  Stalker x4  
Show
View Real Time Build Order
Export as new Build Order

MattBarry Zerg 

Build Orders:  

Get SALT Encoding   

  18  0:26  Primal Warden  
  19  0:32  Primal Drone  
  19  0:38  Primal Drone  
  21  0:50  Primal Drone  
  22  1:11  Primal Drone  
  22  1:16  Primal Drone x2  
  22  1:19  Extractor  
  25  1:21  Primal Drone  
  26  1:35  Primal Zergling  
  27  1:41  Primal Drone x2  
  27  1:46  Primal Zergling  
  30  1:53  Primal Drone  
  31  2:07  Primal Warden  
  32  2:15  Primal Drone  
  33  2:20  Primal Zergling x2  
  35  2:58  Primal Zergling  
  35  2:59  Primal Zergling  
  36  3:27  Primal Drone x3  
  36  3:28  Primal Drone  
  36  3:29  Primal Drone  
  39  3:33  Extractor  
  39  3:39  Extractor  
  39  3:46  Primal Drone  
  40  4:03  Glevig's Den  
  40  4:10  Primal Warden  
  40  4:19  Primal Drone x2  
  42  4:21  Primal Attacks Level 1  
  42  4:33  Primal Drone  
  43  4:55  Primal Drone  
  44  5:18  Primal Drone  
  45  5:36  Murvar's Den  
  44  5:43  Glial Reconstitution  
  44  5:48  Primal Warden  
  44  5:49  Primal Warden  
  44  5:50  Primal Warden  
  44  5:51  Primal Roach  
  44  5:52  Primal Roach x11  
  68  6:22  Primal Roach x3  
  68  6:23  Primal Roach x2  
  78  7:06  Primal Roach x6  
  78  7:07  Primal Roach x2  
  78  7:09  Primal Drone  
  94  8:03  Dakrun's Den  
  93  8:26  Primal Drone  
  93  8:27  Primal Drone x4  
  98  8:37  Primal Guardian x3  
  98  8:38  Primal Guardian  
  94  8:40  Primal Igniter  
  94  8:41  Primal Igniter x3  
  94  8:42  Primal Igniter x4  
  85  8:58  Primal Drone  
  85  8:59  Primal Drone  
  87  9:05  Explosive Spores  
  89  9:23  Primal Warden  
  89  9:24  Primal Warden  
  89  10:09  Primal Roach  
  91  10:10  Primal Roach x14  
  119  10:37  Primal Roach  
  119  10:38  Primal Roach x2  
  116  11:19  Primal Roach x6  
  128  11:20  Primal Roach x3  
  137  11:37  Primal Warden x2  
  137  11:38  Primal Warden  
  137  11:46  Primal Roach x3  
  143  12:25  Primal Guardian  
  143  12:26  Primal Guardian x3  
  143  12:27  Primal Guardian  
  143  12:28  Primal Igniter  
  137  12:31  Primal Igniter x4  
  137  12:32  Primal Igniter x5  
  128  13:51  Primal Roach x7  
  128  13:52  Primal Roach x8  
Tags
 
Commander
DehakaVorazun
Matchup
Co-op
Replay Pack
Multiplayer
Add a new tag
Caveats
  • Supply blocks, unpowered buildings, or Contaminate may cause inaccurate times.
  • Supply counts are checked every 10 seconds.